 Dungeon Crawl Stone Soup version 0.31-a0-233-g139696dc86 (webtiles) character file.

Game seed: 10676548101015879108

53 qw the Shooter (level 3, -1/22 HPs)
             Began as a Gargoyle Hexslinger on July 8, 2023.
             Slain by a worm (9 damage)
             ... on level 2 of the Dungeon.
             The game lasted 00:00:27 (1179 turns).

qw the Shooter (Gargoyle Hexslinger)                Turns: 1179, Time: 00:00:27

Health: -1/22      AC:  8    Str: 11    XL:     3   Next: 87%
Magic:  4/4        EV: 10    Int: 13    God:
Gold:   147        SH:  0    Dex: 14    Spells: 3/4 levels left

rFire   . . .        Y - +1 sling
rCold   . . .        (no shield)
rNeg    + . .        a - +0 ring mail
rPois   inf          (no helmet)
rElec   +            (no cloak)
rCorr   .            (no gloves)
SInv    .            (no boots)
Will    .....        (no amulet)
Stlth   +            (no ring)
HPRegen 0.23/turn    (no ring)
MPRegen 0.09/turn

%: no passive effects
@: no status effects
A: sickness immunity, AC +3, negative energy resistance 1, electricity
resistance, torment resistance 1, petrification resistance
a: no special abilities


You were on level 2 of the Dungeon.
You visited 1 branch of the dungeon, and saw 3 of its levels.

You collected 147 gold pieces.


Innate Abilities, Weirdness & Mutations

You are immune to sickness and miasma.
Your stone body is resilient. (AC +3)
You are immune to poison.
You resist negative energy. (rN+)
You are resistant to electric shocks. (rElec)
You are resistant to unholy torment.
You are immune to petrification.


   Skills:
 - Level 2.3 Fighting
 + Level 3.5 Ranged Weapons
 - Level 1.5 Dodging
 - Level 1.0 Spellcasting
 - Level 2.6 Hexes


You had 3 spell levels left.
You knew the following spells:

 Your Spells              Type           Power      Damage    Failure   Level
a - Slow                  Hex            28%        N/A       22%         1

Your spell library contained the following spells:

 Spells                   Type           Power      Damage    Failure   Level
 Inner Flame              Hex/Fire       4%         N/A       75%         3
 Portal Projectile        Hex/Tloc       8%         N/A       75%         3
 Cause Fear               Hex            3%         N/A       92%         4

Inventory:

Hand Weapons
 Y - a +1 sling (weapon)
Armour
 a - a +0 ring mail (worn)
Scrolls
 c - a scroll of blinking {unknown}
 e - a scroll of identify {unknown}
Potions
 b - a potion of heal wounds {unknown}
 d - a potion of curing

Dungeon Overview and Level Annotations

Branches:
Dungeon (3/15)

Altars:
Ru

Shops:
D:3 [


Message History

You kill the ball python!
The adder barely misses you. The goblin hits you with a +0 club.
The adder bites you. The goblin hits you but does no damage.
You shoot a sling bullet.
The sling bullet hits the adder but does no damage.
The adder bites you but does no damage. The goblin hits you with a +0 club.
The adder closely misses you.
You shoot a sling bullet. The sling bullet misses the adder.
The adder barely misses you. The goblin barely misses you.
A worm comes into view.
The adder bites you. The goblin hits you but does no damage.
You shoot a sling bullet. The sling bullet hits the adder!
The adder is severely wounded.
The adder bites you but does no damage. The goblin misses you.
The adder bites you but does no damage.
You shoot a sling bullet. The sling bullet hits the adder.
The adder is almost dead.
The adder bites you but does no damage. The goblin barely misses you.
You shoot a sling bullet.
The sling bullet closely misses the adder.
The adder closely misses you. The goblin barely misses you.
The adder bites you but does no damage. The goblin misses you.
You shoot a sling bullet. The sling bullet hits the adder!
You kill the adder!
The goblin barely misses you.
You shoot a sling bullet. The sling bullet hits the goblin!
You kill the goblin!
You shoot a sling bullet. The sling bullet hits the worm.
The worm is moderately wounded.
The worm barely misses you.
You shoot a sling bullet. The sling bullet hits the worm.
The worm is moderately wounded.
The worm closely misses you.
You shoot a sling bullet. The sling bullet hits the worm.
The worm is heavily wounded.
The worm bites you but does no damage.
You shoot a sling bullet. The sling bullet hits the worm.
The worm is severely wounded.
The worm bites you!
You die...

.$ .. .. .# .# .#
#.# ########%#....#
##.####.:....@)...#
........######w####
##..........# .#
##########.# .# #.#
.. #.# ## #.# #.#
#.#


You could see a worm.

Vanquished Creatures
  2 adders
  4 bats
  4 endoplasms
  A giant cockroach (D:1)
  5 hobgoblins
  A kobold (D:1)
  A quokka (D:2)
  5 ball pythons
  A frilled lizard (D:1)
  6 goblins
  2 rats (D:1)
32 creatures vanquished.

Notes
Turn   | Place    | Note
-------+----------+-------------------------------------------
     0 | D:1      | qw the Gargoyle Hexslinger began the quest for the Orb.
     0 | D:1      | Reached XP level 1. HP: 12/12 MP: 2/2
     0 | D:1      | 0 ||| qw: Version: 0.3-a-46-gb1f654a
     0 | D:1      | 0 ||| qw: Game counter: 3640
     0 | D:1      | 0 ||| qw: Melee chars always use a shield: true
     0 | D:1      | 0 ||| qw: God list: Okawaru
     0 | D:1      | 0 ||| qw: Allow faded altars: false
     0 | D:1      | 0 ||| qw: Do Orc after clearing Dungeon:15 true
     0 | D:1      | 0 ||| qw: Do second Lair branch before Depths: true
     0 | D:1      | 0 ||| qw: Lair rune preference: random
     0 | D:1      | 0 ||| qw: Goals: Normal
     0 | D:1      | 0 ||| PLANNING D:1-11
    77 | D:1      | Reached XP level 2. HP: 16/16 MP: 3/3
   164 | D:1      | Reached skill level 3 in Ranged Weapons
   807 | D:1      | 807 ||| READING 2 scrolls labelled OSABBESOESK.
   808 | D:1      | 808 ||| DRINKING 2 coppery potions.
   809 | D:1      | 809 ||| DROPPING scroll of noise.
   810 | D:1      | 810 ||| DROPPING scroll of poison.
   845 | D:2      | 845 ||| STAIRDANCE
   858 | D:1      | Reached XP level 3. HP: 11/22 MP: 4/4
   948 | D:2      | You fall into a shaft and drop 1 floor!
   948 | D:3      | Found a sacrificial altar of Ru.
  1003 | D:3      | Found Cosk's Armour Shoppe.
  1004 | D:3      | 1004 ||| UPGRADING to +0 ring mail.
  1014 | D:3      | 1014 ||| DROPPING +0 robe.
  1179 | D:2      | Slain by a worm

Levels and vault maps discovered:
D:1:      ebering_trefoil_twist, layout_basic
D:2:      layout_loops_ring, shapermc_ecumenical_altar_ellora, basic_altar
D:3:      layout_rooms, amcnicky_altar_gilded, serial_shops,
          nicolae_shop_hallway_stairs, uniq_natasha, uniq_robin

Skill      XL: |  1  2 |
---------------+-------+-----
Ranged Weapons | 3 |  3.5
Fighting       | 2 |  2.3
Dodging        | |  1.5
Spellcasting   | |  1.0
Hexes          | |  2.6

Action                     || total
---------------------------++-------
   Fire: Sling             ||   124
    Use: Scroll            ||     1
         Potion            ||     1
 Armour: Robe              ||    18
         Ring mail         ||    17
  Dodge: Dodged            ||    61

Table legend:
 A = Non-vault XP
 B = Vault XP
 C = Vault XP percentage of total XP
 D = Non-vault monster count
 E = Vault monster count
 F = Vault count percentage of total count
                 A         B        C        D         E       F
            +---------+---------+-------+---------+---------+-------
      Total |      76 |       0 |   0.0 |      32 |       0 |   0.0
            +---------+---------+-------+---------+---------+-------
        D:1 |      46 |       0 |   0.0 |      21 |       0 |   0.0
        D:2 |      28 |       0 |   0.0 |      10 |       0 |   0.0
        D:3 |       2 |       0 |   0.0 |       1 |       0 |   0.0
            +---------+---------+-------+---------+---------+-------
